 Dungeon Crawl Stone Soup version 0.17.1-2-g5865329 (webtiles) character file.

229 Jobasha the Ducker (level 5, -2/45 HPs)
             Began as a Minotaur Gladiator on Jan 29, 2016.
             Slain by a white imp (3 damage)
             ... summoned by Xom
             ... on level 4 of the Dungeon.
             The game lasted 00:18:26 (3693 turns).

Jobasha the Ducker (Minotaur Gladiator)             Turns: 3693, Time: 00:18:26

Health: -2/45      AC:  9    Str: 19    XL:     5   Next: 71%
Magic:  4/4        EV: 12    Int:  5    God:    Xom [*.....]
Gold:   185        SH:  0    Dex: 14    Spells: 0 memorised, 4 levels left

rFire  . . .     SeeInvis .     l - +2 quarterstaff (chaos)
rCold  . . .     Clarity  .     s - +0 scale mail
rNeg   . . .     SustAt   .     (shield currently unavailable)
rPois  .         Gourm    .     c - +0 hat
rElec  .         Spirit   .     m - +1 cloak
rCorr  .         Warding  .     (no gloves)
rMut   .         Stasis   .     (no boots)
MR     .....                    (no amulet)
Stlth  ..........               (no ring)
                                f - +2 ring of dexterity

@: not resistant to hostile enchantments, extremely unstealthy
A: retaliatory headbutt, horns 2, talons 1
a: Renounce Religion


You were on level 4 of the Dungeon.
You worshipped Xom.
You were a special plaything of Xom.
You were not hungry.

You visited 1 branch of the dungeon, and saw 4 of its levels.

You collected 185 gold pieces.

Inventory:

Hand Weapons
 a - a +0 long sword
 i - a +0 whip of venom
 j - a +0 falchion
 l - a +2 quarterstaff of chaos (weapon)
 q - a +1 short sword of venom
 r - a +3 dagger
Missiles
 d - 3 throwing nets (quivered)
Armour
 b - a +0 leather armour
 c - a +0 hat (worn)
 m - a +1 cloak (worn)
 p - a +0 ring mail
 s - a +0 scale mail (worn)
Jewellery
 f - a +2 ring of dexterity (left hand)
Scrolls
 n - a scroll of identify
 t - 2 scrolls of remove curse
Potions
 h - a potion of heal wounds
 u - a potion of brilliance
Comestibles
 e - a bread ration
 o - 2 meat rations


   Skills:
 + Level 3.2 Fighting
 + Level 4.7 Long Blades
 + Level 2.0 Throwing
 + Level 3.4 Armour
 + Level 5.0 Dodging
 + Level 0.6 Stealth


You had 4 spell levels left.
You didn't know any spells.

Dungeon Overview and Level Annotations

Branches:
Dungeon (4/15)
 Temple: D:4-7

Altars:
Xom

Annotations:
D:4 Menkaure


Innate Abilities, Weirdness & Mutations

You reflexively headbutt those who attack you in melee.
You have a pair of horns on your head.
You have sharp toenails.


Message History

Drink which item? (? for menu, Esc to quit)
You feel much better. Something hits you! The white imp barely misses you.
Something hits you!
You hit the white imp.
You claw the white imp, but do no damage.
You headbutt the white imp.
The white imp is severely wounded.
The white imp hits you but does no damage.
Something hits you!!
* * * LOW HITPOINT WARNING * * *
You closely miss the white imp.
The white imp is severely wounded.
Something calls on the powers of darkness!
Your body is wracked with pain!
* * * LOW HITPOINT WARNING * * *
The white imp hits you but does no damage.
Something hits you.
* * * LOW HITPOINT WARNING * * *
The white imp hits you.
You die...

####### #.....# #
#.....## # #......# #
##......#########
######...).<...#.....#
##...#.#######.#§{...#
......)........5@§.>.+
#.....###.###..#§§...#
......# .....#.....#
#.#...# ###...#######
#...[.# ...### #######
..## # #...# ..#
###>..# .. ......#


You could see a white imp.

Vanquished Creatures
  Crazy Yiuf (D:3)
  A worker ant (D:4)
  A gnoll (D:3)
  6 adders
  An ooze (D:3)
  4 worms
  5 giant geckos
  10 orcs (D:3)
  A giant cockroach (D:1)
  4 goblins
  10 hobgoblins
  A quokka (D:3)
  A ball python (D:3)
  8 bats
  12 giant newts
  8 jackals
  10 kobolds
  2 rats
  A fungus (D:3)
87 creatures vanquished.

Notes
Turn   | Place    | Note
--------------------------------------------------------------
     0 | D:1      | Jobasha the Minotaur Gladiator began the quest for the Orb.
     0 | D:1      | Reached XP level 1. HP: 18/18 MP: 0/0
   447 | D:1      | Found a shimmering altar of Xom.
   454 | D:1      | Became a worshipper of Xom the Begetter of Discontinuities
   483 | D:1      | Reached XP level 2. HP: 23/25 MP: 1/1
   819 | D:2      | Reached skill level 4 in Long Blades
   819 | D:2      | Reached skill level 1 in Armour
   899 | D:2      | XOM: harmless Tloc miscast
  1032 | D:2      | XOM: harmless Pois miscast
  1034 | D:2      | Reached XP level 3. HP: 30/30 MP: 2/2
  1560 | D:2      | XOM: mild Fire miscast
  1582 | D:2      | XOM: harmless Air miscast
  2075 | D:3      | Noticed Crazy Yiuf
  2077 | D:3      | XOM: give mutation
  2077 | D:3      | Gained mutation: You have sharp toenails. [Xom's grace]
  2079 | D:3      | Killed Crazy Yiuf
  2079 | D:3      | Reached XP level 4. HP: 18/37 MP: 3/3
  2089 | D:3      | XOM: 8-stop teleportation journey
  2102 | D:3      | XOM: 1-stop teleportation journey
  2406 | D:3      | XOM: vitrification
  2585 | D:3      | XOM: noise
  2808 | D:3      | Reached XP level 5. HP: 38/44 MP: 4/4
  2836 | D:3      | XOM: polymorph jackal -> hobgoblin
  2863 | D:3      | XOM: polymorph jackal -> gnoll
  2890 | D:3      | XOM: colour smoke trail
  3317 | D:3      | XOM: silly message
  3625 | D:4      | Reached skill level 5 in Dodging
  3684 | D:4      | Noticed Menkaure
  3684 | D:4      | XOM: summons 2 hostile demons
  3688 | D:4      | XOM: smoke on damage
  3693 | D:4      | HP: 1/45 [something (3)]
  3693 | D:4      | Slain by a white imp

Action                   |  1- 3 |  4- 6 || total
-------------------------+-------+-------++-------
Melee: Long sword        |    81 |   100 ||   181
       Quarterstaff      |       |    20 ||    20
  Use: Potion            |     6 |     4 ||    10
       Scroll            |     4 |     6 ||    10
 Stab: Sleeping          |       |     1 ||     1
  Eat: Chunk             |     2 |     3 ||     5
       Fruit             |     2 |     1 ||     3
       Bread ration      |       |     1 ||     1
